 Dungeon Crawl Stone Soup version 0.19-a0-1899-g2d93087 (webtiles) character file.

1641 Scytalen the Grappler (level 8, 0/78 HPs)
             Began as a Troll Monk on Oct 19, 2016.
             Was the Champion of Zin.
             Slain by a killer bee (8 damage)
             ... on level 7 of the Dungeon.
             The game lasted 00:14:05 (4470 turns).

Scytalen the Grappler (Troll Monk)                  Turns: 4470, Time: 00:14:06

Health: 0/78       AC:  5    Str: 21    XL:     8   Next: 66%
Magic:  5/7        EV: 11    Int:  7    God:    Zin [******]
Gold:   385        SH:  0    Dex: 15    Spells: 0 memorised, 7 levels left

rFire  . . .     SeeInvis .       - Unarmed
rCold  . . .     Gourm    +     a - +0 robe
rNeg   . . .     Faith    .     (no shield)
rPois  ∞         Spirit   .     (helmet restricted)
rElec  .         Reflect  .     (no cloak)
rCorr  .         Harm     .     (gloves unavailable)
MR     .....                    (boots unavailable)
Stlth  ++........               g - amulet of regeneration
                                (no ring)
                                t - ring of poison resistance

@: vitalised
A: unfitting armour, claws 3, fast metabolism 3, gourmand, regeneration 1,
shaggy fur 1, tough skin 2
a: Recite, Vitalisation, Imprison, Sanctuary, Donate Gold, Cure All Mutations,
Renounce Religion


You were on level 7 of the Dungeon.
You worshipped Zin.
Zin was exalted by your worship.
You were not hungry.

You visited 1 branch of the dungeon, and saw 7 of its levels.
You also visited: Ossuary.

You collected 427 gold pieces.
You donated 42 gold pieces to Zin.

Inventory:

Missiles
 e - 16 poisoned needles
 f - 120 stones
 o - 3 tomahawks
 s - 2 tomahawks of returning (quivered)
Armour
 a - a +0 robe (worn)
Jewellery
 g - an amulet of regeneration (around neck)
 t - a ring of poison resistance (left claw)
Wands
 c - a wand of disintegration (0/24)
 m - a wand of digging (8/24)
Scrolls
 d - a scroll of teleportation
 h - 5 scrolls of remove curse
 i - 2 scrolls of enchant armour
 k - a scroll of noise
 l - a scroll of fog
 n - a scroll of amnesia
 v - a scroll of recharging {unknown}
 y - a scroll of fear
 z - a scroll of torment {unknown}
 A - a scroll of summoning
Potions
 j - 5 potions of curing
 q - 3 potions of brilliance
 w - a potion of flight
 x - a potion of heal wounds
 B - a potion of mutation
Books
 r - a book of Misfortune

   Spells                             Type                      Level
   a - Confusing Touch                Hexes                        1
   b - Confuse                        Hexes                        3
   c - Gell's Gravitas                Hexes/Translocation          3
   d - Petrify                        Transmutation/Earth          4
   e - Metabolic Englaciation         Hexes/Ice                    5
   f - Yara's Violent Unravelling     Hexes/Transmutation          5
Comestibles
 b - 6 bread rations
 p - 2 meat rations
 u - a slice of pizza
 C - a royal jelly


   Skills:
 + Level 3.8 Fighting
 - Level 2.4 Dodging
 - Level 1.0 Stealth
 - Level 10.8 Unarmed Combat


You had 7 spell levels left.
You didn't know any spells.

Dungeon Overview and Level Annotations

Branches:
Dungeon (7/15)             Temple (0/1) D:6

Altars:
Ashenzari
Qazlal
Zin


Innate Abilities, Weirdness & Mutations

You are too large for most types of armour.
You have claws for hands.
Your metabolism is lightning-fast.
You like to eat raw meat.
Your natural rate of healing is unusually fast.
You are covered in fur. (AC +1)
You have very tough skin. (AC +2)


Message History

t - Shout!
Orders for allies: a - Attack new target. r - Retreat! s - Stop attacking. g - Guard the area. f - Follow me.
Anything else - Cancel.
Okay, then.
Unknown command.
The killer bee closely misses you. The killer bee stings you.
* * * LOW HITPOINT WARNING * * *
The killer bee stings you.
* * * LOW HITPOINT WARNING * * *
You take 7 damage, and have 10/78 hp.
The killer bee stings you.
* * * LOW HITPOINT WARNING * * *
Your divine stamina protects you from poison!
The killer bee misses you.
You take 4 damage, and have 6/78 hp.
The killer bee closely misses you. The killer bee stings you!
You die...

##..# ####
#....## #@y###
#...... ##y..##
####......
##...##.........>
##..............
#..............
#.....Z.....yZ.
##...........y.
#......#######
#.....##


You could see 2 killer bees.

Vanquished Creatures
  The ghost of ThereIsNoGod the Cleaver, a novice MiGl of Xom (D:6)
  A wraith (Ossuary)
  Menkaure (D:6)
  A hornet zombie (D:6)
  4 bullfrogs
  4 scorpions
  A howler monkey (D:4)
  2 crimson imps (D:6)
  3 orc wizards
  A centaur skeleton (D:6)
  An iguana (D:4)
  4 worker ants
  A mummy (Ossuary)
  A worker ant zombie (D:6)
  4 adders
  A shadow imp (D:3)
  2 oozes
  A worm (D:1)
  4 leopard geckos
  19 orcs
  3 giant cockroaches
  5 goblins
  4 hobgoblins
  8 jackals
  3 kobolds
  2 quokkas
  7 bats
  5 frilled lizards
  A giant cockroach zombie (D:5)
  6 gnoll skeletons (Ossuary)
  A jackal zombie (D:5)
  10 kobold skeletons (Ossuary)
  A leopard gecko skeleton (D:5)
  9 orc skeletons (Ossuary)
  7 rats
129 creatures vanquished.

Notes
Turn   | Place    | Note
-------+----------+-------------------------------------------
     0 | D:1      | Scytalen the Troll Monk began the quest for the Orb.
     0 | D:1      | Reached XP level 1. HP: 22/22 MP: 0/0
   129 | D:1      | Reached XP level 2. HP: 28/29 MP: 1/1
   281 | D:1      | Reached skill level 4 in Unarmed Combat
   726 | D:2      | Reached XP level 3. HP: 36/36 MP: 2/2
   780 | D:2      | Found a faded altar of an unknown god.
   792 | D:2      | Became a worshipper of Zin the Law-Giver
   792 | D:2      | Reached * piety under Zin
   792 | D:2      | Reached ** piety under Zin
   792 | D:2      | Reached *** piety under Zin
   886 | D:2      | Found a shattered altar of Ashenzari.
  1439 | D:3      | Reached **** piety under Zin
  1634 | D:3      | Reached XP level 4. HP: 41/44 MP: 3/3
  1637 | D:3      | Reached skill level 5 in Unarmed Combat
  1686 | D:3      | Reached XP level 5. HP: 50/50 MP: 4/4
  2150 | D:4      | Reached skill level 6 in Unarmed Combat
  2318 | D:4      | Reached ***** piety under Zin
  2339 | D:4      | Reached XP level 6. HP: 21/59 MP: 5/5
  2452 | D:4      | Reached skill level 7 in Unarmed Combat
  2568 | D:5      | Entered Level 5 of the Dungeon
  3004 | D:5      | Reached skill level 8 in Unarmed Combat
  3089 | D:5      | Found a stormy altar of Qazlal.
  3311 | D:6      | Reached XP level 7. HP: 66/66 MP: 6/6
  3325 | D:6      | Noticed ThereIsNoGod's ghost (novice MiGl)
  3359 | D:6      | Found a sand-covered staircase.
  3374 | D:6      | Noticed Menkaure
  3380 | D:6      | Killed Menkaure
  3380 | D:6      | Reached skill level 9 in Unarmed Combat
  3396 | Ossuary  | Entered an ossuary
  3396 | Ossuary  | Noticed a wraith
  3396 | Ossuary  | Noticed a wraith
  3396 | Ossuary  | Noticed a wraith
  3463 | Ossuary  | Noticed a wraith
  3484 | Ossuary  | Killed a wraith
  3608 | D:6      | Reached ****** piety under Zin
  3732 | D:6      | Reached XP level 8. HP: 74/74 MP: 7/7
  3765 | D:6      | Killed ThereIsNoGod's ghost
  3765 | D:6      | Reached skill level 10 in Unarmed Combat
  4072 | D:6      | Found a staircase to the Ecumenical Temple.
  4470 | D:7      | Slain by a killer bee

Vault maps used:
D:1:      dpeg_arrival_rooms_with_view
D:2:      first_bread, ecumenical_altar_1, evilmike_ruin_ashenzari
D:3:      serial_bayou_pond_b, minmay_misc_feat_chi
D:5:      eino_small_chamber_without_monster, hangedman_abyss_or_decor_passed,
          nicolae_qazlal_eye_of_the_storm
D:6:      nicolae_ossuary_entry_monument, uniq_menkaure
Ossuary:  ossuary_due_mausoleum

Skill      XL: |  1  2  3  4  5  6  7  8 |
---------------+-------------------------+-----
Unarmed Combat | 4 5 6 8 9 10 | 10.8
Fighting       | 3 |  3.8
Dodging        | |  2.4
Stealth        | |  1.0

Action                   |  1- 3 |  4- 6 |  7- 9 || total
-------------------------+-------+-------+-------++-------
Melee: Unarmed           |    80 |   131 |   122 ||   333
       Punch             |       |     3 |     3 ||     6
Throw: Stone             |    14 |    15 |     1 ||    30
       Tomahawk          |       |     8 |    18 ||    26
Invok: Recite            |       |       |     2 ||     2
       Vitalisation      |       |       |     1 ||     1
Evoke: Wand              |       |       |     2 ||     2
  Use: Scroll            |     2 |     9 |     8 ||    19
       Potion            |       |       |     2 ||     2
 Stab: Sleeping          |     2 |     3 |     2 ||     7
  Eat: Chunk             |    16 |    16 |     8 ||    40
Armor: Robe              |    26 |    36 |    29 ||    91
Dodge: Dodged            |    34 |    61 |    70 ||   165
